Unix NetHack Version 3.7.0-94 Work-in-progress - last build Dec 18 2023 00:11:04 (7e3deff068b9ef4f2ebb9a71ea0f5c4a3b578a14,branch:master). Game began 2023-12-31 10:06:14, ended 2023-12-31 12:57:46. playerb, chaotic male orcish Wizard ------ ----- |....| |...| |.``.----.`.| |..`........| |..--->---..| |---------.--- |.%^^^<|.f:..| |%.----|..@..| --^| |*d...| |.-----..*..| |..........f| |..---------- ---- Playerb the Thaumaturge St:11 Dx:16 Co:12 In:16 Wi:15 Ch:11 Chaotic S:2373 Dlvl:7 $:367 HP:0(31) Pw:40(49) AC:3 Xp:6/399 T:4814 Latest messages: You see here a wand called crystal sleep/death. V - a wand called crystal sleep/death. You are still in a pit. You are still in a pit. You are still in a pit. You are still in a pit. You crawl to the edge of the pit. The kitten picks up a rock. The kitten drops a rock. The kitten picks up a rock. With great effort you move the boulder. The large dog picks up a rock. The large dog drops a rock. The boulder fills a pit. You swap places with your kitten. You see here a rock. With great effort you move the boulder. The large dog picks up a rock. The boulder fills a pit. You see here a scroll labeled VELOX NEB. R - a scroll labeled VELOX NEB (2 in total). You see here a scroll labeled VELOX NEB. R - a scroll labeled VELOX NEB (3 in total). The kitten drops a rock. What do you want to call? [ilBHIKLNRUVY or ?*] R Call a scroll labeled VELOX NEB: ~earth Pick an object. You stop. Your kitten is in the way! You see here a rock. You swap places with your kitten. You swap places with your kitten. You hear a monster behind the boulder. Perhaps that's why you cannot move it. With great effort you move the boulder. You see here an ettin corpse. With great effort you move the boulder. You see here a rock. The large dog picks up a rock. The boulder fills a pit. You swap places with your large dog. You stop. Your kitten is in the way! You swap places with your kitten. The crocodile bites! The crocodile hits! You stop. Your large dog is in the way! The crocodile bites! The crocodile hits! You die... Do you want your possessions identified? [ynq] (y) y Do you want to see your attributes? [ynq] (y) q Inventory: Coins $ - 367 gold pieces Weapons y - 4 +0 shuriken F - 2 +0 daggers (at the ready) a - a rusty +1 orcish dagger (weapon in right hand) r - a thoroughly corroded +0 orcish dagger b - a blessed +1 quarterstaff (alternate weapon; not wielded) Armor B - an uncursed +0 dwarvish iron helm (being worn) K - a cursed -1 pair of fumble boots s - a blessed +1 pair of iron shoes (being worn) p - an uncursed +0 cloak of magic resistance (being worn) u - an uncursed +0 leather jacket (being worn) Comestibles G - 2 uncursed food rations T - an uncursed tin of dried imp meat Scrolls I - a cursed scroll of confuse monster R - 3 uncursed scrolls of earth H - an uncursed scroll of magic mapping O - an uncursed scroll of stinking cloud Potions h - a blessed potion of healing f - 3 uncursed potions of healing v - a cursed potion of healing g - an uncursed potion of sleeping Rings l - an uncursed ring of cold resistance U - a cursed -1 ring of gain strength Y - an uncursed ring of invisibility i - an uncursed ring of levitation o - an uncursed ring of protection from shape changers Wands c - a wand of digging (0:5) L - a wand of probing (0:5) N - a wand of sleep (0:6) V - a wand of sleep (0:6) Tools d - an uncursed blindfold k - a +0 unicorn horn Playerb the Wizard's attributes: Background: You were a Thaumaturge, a level 6 male orcish Wizard. You were chaotic, nominally on a mission for Anhur who was opposed by Ptah (lawful) and Thoth (neutral). You were right-handed. You were in Sokoban, on level 7. You entered the dungeon 4814 turns ago. You had 399 experience points, 241 more were needed to attain level 7. Your score was 2373 before end-of-game adjustments. Basics: You had 0 out of 31 hit points. You had 40 out of 49 energy points (spell power). Your armor class was 3. Your wallet contained 367 zorkmids. Autopickup was off. Final Characteristics: Your strength was 11 (limit:18/50). Your dexterity was 16 (limit:18). Your constitution was 12 (limit:18). Your intelligence was 16 (limit:16). Your wisdom was 15 (limit:16). Your charisma was 11 (limit:16). Final Status: You weren't hungry. You were unencumbered. You were wielding a dagger. You had basic skill with dagger. Final Attributes: You were piously aligned. You were magic-protected. You were poison resistant. You were telepathic. You had infravision. You were warded. You are dead. Miscellaneous: You never encountered a bones level. Total elapsed playing time was 1 hour, 20 minutes and 47 seconds. Major events: Turn 1: playerb the chaotic male orcish Wizard entered the dungeon 683: entered the Gnomish Mines 1611: attained the rank of Conjurer (level 3) 4182: attained the rank of Thaumaturge (level 6) 4555: entered Sokoban 4814: killed by a crocodile Vanquished creatures: an ettin zombie a leprechaun an orc mummy a housecat a white unicorn an ape an imp 2 water nymphs a rock piercer 2 yellow lights 2 shriekers a gnome leader a gnomish wizard a gray ooze 2 giant ants a floating eye a kitten 2 dwarves a homunculus a rothe a rabid rat a monkey an orc zombie 2 dwarf zombies 2 iguanas 2 acid blobs 3 coyotes a gas spore a hobbit a large kobold 4 giant rats 5 cave spiders a brown mold a yellow mold 2 garter snakes 6 geckos 3 jackals 2 goblins a sewer rat a grid bug 4 lichens 5 newts 75 creatures vanquished. No species were genocided or became extinct. Voluntary challenges: You were an atheist. You read items or engraved 10 times. You engraved Elbereth 3 times. You never genocided any monsters. You never polymorphed an object. You never changed form. You used no wishes. You violated the special Sokoban rules once. Achievements: You entered the Gnomish Mines. You entered a shop. You attained the rank of Conjurer. You attained the rank of Thaumaturge. You entered Sokoban. The Dungeons of Doom: levels 1 to 9 Level 1: Level 2: A fountain. Stairs down to The Gnomish Mines. Level 3: "stash" A weapon shop, a sink. Level 4: Many fountains, a sink. Level 5: "stash" Some fountains, a sink. Level 6: A jewelers. Level 7: Many fountains. Oracle of Delphi. Level 8: A fountain. Stairs up to Sokoban, level 7. Level 9: The Gnomish Mines: Level 3: Sokoban: Level 7: <- You were here. Unsolved. Final resting place for you, killed by a crocodile. Game over: ---------- / \ / REST \ / IN \ / PEACE \ / \ | playerb | | 367 Au | | killed by a | | crocodile | | | | | | 2023 | *| * * * | * _________)/\\_//(\/(/\)/\//\/|_)_______ Goodbye playerb the Wizard... You died in Sokoban on dungeon level 7 with 2337 points, and 367 pieces of gold, after 4814 moves. You were level 6 with a maximum of 31 hit points when you died.